 Dungeon Crawl Stone Soup version 0.29.1-12-g30fa7ad0bf (webtiles) character file.

Game seed: 13403712351194492638

148 Radix the Skirmisher (level 5, -5/30 HPs)
             Began as a Kobold Hunter on Dec 15, 2022.
             Slain by a scorpion (6 damage)
             ... on level 4 of the Dungeon.
             The game lasted 00:15:51 (2891 turns).

Radix the Skirmisher (Kobold Hunter)                Turns: 2891, Time: 00:15:52

Health: -5/30      AC:  6    Str:  8    XL:     5   Next: 56%
Magic:  14/14      EV: 13    Int: 10    God:
Gold:   190        SH:  0    Dex: 21    Spells: 4/4 levels left

rFire   . . .      SeeInvis .   a - +0 shortbow
rCold   . . .      Faith    .   (shield currently unavailable)
rNeg    . . .      Spirit   .   n - +0 ring mail of Zabit {Harm rElec Stlth+}
rPois   .          Reflect  .   (no helmet)
rElec   +          Harm     +   (no cloak)
rCorr   .          Rampage  .   w - +0 pair of gloves
Will    .....                   (no boots)
Stlth   ++++......              (no amulet)
HPRegen 0.10/turn               d - ring of magical power
MPRegen 0.14/turn               (no ring)

@: lethally poisoned (-5 -> -10)
A: small, no large weapons, nightstalker 3
a: no special abilities


You were on level 4 of the Dungeon.
You visited 1 branch of the dungeon, and saw 5 of its levels.

You collected 190 gold pieces.

Inventory:

Hand Weapons
 a - a +0 shortbow (weapon)
 e - a +2 dagger of venom
Missiles
 u - a throwing net
Armour
 c - a +0 leather armour
 n - the +0 ring mail of Zabit (worn) {Harm rElec Stlth+}
   (You found it on level 2 of the Dungeon)

   rElec:     It insulates you from electricity.
   Harm:      It increases damage dealt and taken.
   Stlth:     It makes you more stealthy.
 w - a +0 pair of gloves (worn)
Jewellery
 d - a ring of magical power (left hand)
Scrolls
 b - a scroll of immolation
 g - a scroll of butterflies {unknown}
 h - 4 scrolls of teleportation {unknown}
 j - a scroll of noise {unknown}
 k - a scroll of silence {unknown}
 l - 2 scrolls of magic mapping {unknown}
 o - 3 scrolls of identify {unknown}
 p - a scroll of poison {unknown}
 q - a scroll of summoning {unknown}
 s - 2 scrolls of vulnerability {unknown}
Potions
 f - a potion of ambrosia {unknown}
 i - a potion of brilliance {unknown}
 m - a potion of curing
 r - a potion of haste {unknown}
 t - a potion of heal wounds {unknown}
 v - a potion of attraction {unknown}


   Skills:
 - Level 2.1 Fighting
 + Level 8.5 Ranged Weapons
 - Level 2.4 Dodging
 - Level 1.3 Stealth


You had 4 spell levels left.
You didn't know any spells.
Your spell library contained the following spells:

 Spells                   Type           Power      Damage    Failure   Level
 Magic Dart               Conj           0%         1d3       75%         1
 Searing Ray              Conj           0%         2d4       87%         2
 Call Canine Familiar     Summ           0%         N/A       98%         3
 Portal Projectile        Hex/Tloc       0%         N/A       98%         3
 Fulminant Prism          Conj/Hex       0%         3d6       100%        4
 Leda's Liquefaction      Hex/Erth       0%         N/A       100%        4


Dungeon Overview and Level Annotations

Branches:
Dungeon (5/15)
 Temple: D:4-7

Altars:
Fedhas
Hepliaklqana
Xom


Innate Abilities, Weirdness & Mutations

You are small and have problems with some larger weapons.
You are completely attuned to the shadows.


Message History

Fire: a) +0 shortbow
Press: ? - help, Q - select action, (/) - cycle Shift-Dir - straight line, f/p - scorpion
Aim: a scorpion (67% to hit)
You shoot an arrow. The arrow hits the scorpion.
The scorpion is moderately wounded.
You feel very sick. The scorpion stings you.
You are more poisoned.
The scorpion poisons you!
Fire: a) +0 shortbow
Press: ? - help, Q - select action, (/) - cycle Shift-Dir - straight line, f/p - scorpion
Aim: a scorpion (moderately wounded, 67% to hit)
You shoot an arrow.
The arrow hits the scorpion but does no damage.
The scorpion is moderately wounded.
You feel very sick. The scorpion barely misses you. The scorpion stings you.
Fire: a) +0 shortbow
Press: ? - help, Q - select action, (/) - cycle Shift-Dir - straight line, f/p - scorpion
Aim: a scorpion (moderately wounded, 67% to hit)
You shoot an arrow. The arrow hits the scorpion.
The scorpion is severely wounded.
You feel very sick. The scorpion barely misses you.
Fire: a) +0 shortbow
Press: ? - help, Q - select action, (/) - cycle Shift-Dir - straight line, f/p - scorpion
Aim: a scorpion (severely wounded, 67% to hit)
You shoot an arrow.
The arrow hits the scorpion but does no damage.
The scorpion is severely wounded.
You feel sick.
The scorpion stings you but does no damage.
Fire: a) +0 shortbow
Press: ? - help, Q - select action, (/) - cycle Shift-Dir - straight line, f/p - scorpion
Aim: a scorpion (severely wounded, 67% to hit)
You shoot an arrow. The arrow barely misses the scorpion.
You feel sick. The scorpion stings you.
* * * LOW HITPOINT WARNING * * *
The scorpion stings you.
You die...

### ##.## #.... #.... ...
#.... #... #.... ##..# #....
##.s# #.... ##)@# #....
##..## ##.... ..# ..###..##
#..... #..#..#..######
##..... #..##....###.####
##...... ##
#..............#####.......
#.#
#................##....###.
..(.##.######..>...........##
## .....#.#
######.........##..#


You could see a scorpion.

Vanquished Creatures
  A jelly (D:4)
  2 adders
  An ufetubus (D:4)
  A worm (D:2)
  2 dart slugs (D:1)
  9 bats
  8 endoplasms
  4 giant cockroaches
  8 goblins
  3 hobgoblins
  6 jackals
  8 kobolds
  5 quokkas
  12 ball pythons
  5 frilled lizards
  7 rats
82 creatures vanquished.

Vanquished Creatures (others)
  18 fungi (D:3)
  5 plants (D:3)
23 creatures vanquished.

Grand Total: 105 creatures vanquished

Notes
Turn   | Place    | Note
-------+----------+-------------------------------------------
     0 | D:1      | Radix the Kobold Hunter began the quest for the Orb.
     0 | D:1      | Reached XP level 1. HP: 12/12 MP: 1/1
   183 | D:1      | Reached XP level 2. HP: 17/17 MP: 2/2
   204 | D:1      | Reached skill level 6 in Ranged Weapons
   390 | D:1      | Reached XP level 3. HP: 17/21 MP: 3/3
  1088 | D:2      | Reached skill level 7 in Ranged Weapons
  1289 | D:2      | Reached XP level 4. HP: 25/26 MP: 4/4
  1354 | D:2      | Identified the +0 ring mail of Zabit {Harm rElec Stlth+}
  1444 | D:2      | Found a hazy altar of Hepliaklqana.
  2067 | D:3      | Found a blossoming altar of Fedhas.
  2081 | D:3      | You fall into a shaft and drop 2 floors!
  2081 | D:5      | Entered Level 5 of the Dungeon
  2167 | D:4      | Reached skill level 8 in Ranged Weapons
  2167 | D:4      | Reached XP level 5. HP: 30/30 MP: 5/5
  2410 | D:3      | Found a faded altar of an unknown god.
  2442 | D:3      | Found a shimmering altar of Xom.
  2891 | D:4      | HP: 1/30 [scorpion (6)]
  2891 | D:4      | Slain by a scorpion

Illustrated notes

Levels and vault maps discovered:
D:1:      dpeg_arrival_round_a, layout_loops_ring
D:2:      layout_basic, basic_altar
D:3:      layout_loops_ring, fedhas_altar_3, mainiacjoe_overflow_cross_hatched,
          shapermc_ecumenical_altar_mp_ritualfount,
          chequers_serial_rivers_room_b, hangedman_abyss_or_decor_stabs,
          nicolae_figureground_pulse
D:4:      layout_cave_pods, grunt_ministairs_3
D:5:      layout_rooms, nicolae_overflow_hidden_temple,
          kennysheep_generic_room_4, uniq_menkaure

Skill      XL: |  1  2  3  4 |
---------------+-------------+-----
Ranged Weapons | 6 7 8 |  8.5
Fighting       | |  2.1
Dodging        | |  2.4
Stealth        | |  1.3

Action                   |  1- 3 |  4- 6 || total
-------------------------+-------+-------++-------
 Fire: Shortbow          |    81 |    88 ||   169
  Use: Potion            |     1 |       ||     1
Armor: Leather armour    |     5 |       ||     5
       Ring mail         |       |     9 ||     9
Dodge: Dodged            |    20 |    23 ||    43
